Map: Lerilak Crest

Players

Cragfire

  • Race: Zerg Zerg
  • League: Diamond

LilDicky - Winner!

  • Race: Terran Terran
  • League: Diamond

VOD

http://www.twitch.tv/tumescentpie

Description

Time

  • Played on: Dec. 12, 2015, 10:14 p.m.
  • Length: 8:02
Show
View Real Time Build Order
Export as new Build Order

Cragfire Zerg 

Build Orders: Hatch First 

Get SALT Encoding   

  12  0:02  Drone  
  13  0:14  Overlord  
  13  0:19  Drone  
  14  0:32  Drone x2  
  16  0:35  Drone  
  17  0:55  Hatchery  
  17  0:56  Drone  
  17  0:58  Drone  
  18  1:05  Extractor  
  17  1:16  Spawning Pool  
  16  1:25  Drone x2  
  18  1:31  Drone  
  19  1:41  Drone  
  20  1:51  Overlord  
  20  2:03  Queen  
  20  2:06  Queen  
  20  2:08  Metabolic Boost  
  24  2:10  Zergling x2  
  24  2:12  Zergling x2  
  26  2:18  Drone x2  
  28  2:23  Drone  
  28  2:29  Drone  
  30  2:34  Drone  
  31  2:42  Queen  
  31  2:43  Drone  
  34  2:46  Overlord  
  34  2:54  Overlord  
  34  2:55  Drone  
  35  3:01  Drone  
  36  3:24  Drone  
  36  3:25  Drone x7  
  44  3:32  Drone  
  45  3:51  Hatchery  
  44  3:56  Overlord x2  
  44  3:57  Drone x4  
  44  3:58  Drone  
  44  4:01  Roach Warren  
  48  4:03  Spore Crawler  
  48  4:05  Spore Crawler, Queen  
  48  4:11  Drone x3  
  51  4:18  Lair  
  51  4:21  Extractor  
  51  4:22  Extractor  
  49  4:24  Extractor  
  49  4:29  Drone x2  
  49  4:31  Drone x3  
  53  4:59  Queen  
  55  5:08  Roach x7  
  55  5:09  Roach x2  
  55  5:11  Overlord  
  73  5:28  Overlord x4  
  73  5:30  Overseer  
  73  5:52  Overseer  
  65  6:10  Overlord, Roach  
  65  6:19  Queen  
  66  6:29  Hydralisk Den  
  66  6:32  Spore Crawler  
  57  6:33  Spore Crawler x2  
  57  6:34  Spore Crawler  
  57  6:36  Spore Crawler  
  39  7:02  Hydralisk x5  
  39  7:03  Hydralisk x2  
  48  7:24  Queen  
  50  7:36  Roach x5  
Show
View Real Time Build Order
Export as new Build Order

LilDicky Terran - Winner!

Build Orders: Banshee Rush 

Get SALT Encoding   

  12  0:01  SCV  
  13  0:13  SCV  
  14  0:17  Supply Depot  
  14  0:25  SCV  
  15  0:32  Refinery  
  15  0:39  SCV  
  16  0:45  Barracks  
  16  0:51  SCV  
  17  1:03  SCV  
  18  1:15  SCV  
  19  1:27  SCV  
  20  1:35  Supply Depot  
  20  1:39  Orbital Command  
  21  1:40  Reaper  
  21  1:53  Command Center  
  21  1:57  Refinery  
  21  2:04  SCV  
  22  2:12  Factory  
  22  2:19  SCV  
  22  2:20  Supply Depot  
  23  2:41  SCV, Marine  
  25  2:53  SCV  
  26  2:59  Marine  
  26  3:00  Starport  
  26  3:02  Factory Tech Lab  
  26  3:03  Starport  
  27  3:06  SCV  
  27  3:08  Orbital Command  
  28  3:18  SCV  
  29  3:26  Marine  
  30  3:30  SCV  
  31  3:35  SCV  
  31  3:40  Starport Tech Lab  
  32  3:47  SCV  
  32  3:48  Banshee, Cloaking Field  
  35  3:59  Banshee  
  35  4:00  Widow Mine  
  35  4:01  SCV  
  35  4:02  SCV  
  42  4:05  Marine  
  42  4:08  Supply Depot  
  43  4:13  SCV  
  43  4:14  SCV  
  45  4:22  Marine  
  46  4:30  Bunker  
  46  4:33  Bunker  
  46  4:40  SCV, Marine  
  46  4:41  Supply Depot  
  46  4:44  Banshee x2  
  54  4:54  Refinery  
  54  4:55  Refinery  
  54  4:59  SCV, Marine  
  56  5:00  SCV  
  57  5:12  SCV x2  
  59  5:24  SCV x2  
  59  5:25  Widow Mine  
  59  5:27  Banshee x2  
  69  5:36  SCV  
  69  5:39  Engineering Bay  
  70  5:43  Supply Depot  
  70  5:45  Command Center  
  70  5:53  SCV, Supply Depot  
  70  5:55  Supply Depot  
  70  5:56  Supply Depot  
  71  6:06  Marine  
  71  6:08  Factory Tech Lab  
  71  6:09  Banshee x2  
  78  6:24  Marine  
  75  6:42  Marine  
  75  6:52  Banshee x2  
  81  7:00  Marine  
  71  7:18  Marine  
Tags
 
Add a new tag
Caveats
  • Supply blocks, unpowered buildings, or Contaminate may cause inaccurate times.
  • Supply counts are checked every 10 seconds.